 Dungeon Crawl Stone Soup version 0.23.0-3-gf3c87f2 (webtiles) character file.

Game seed: 9463379634986165058

150 Scud the Shooter (level 5, -1/32 HPs)
             Began as a Kobold Hunter on Feb 23, 2019.
             Slain by Sigmund
             ... wielding a +0 scythe
              (3 damage)
             ... on level 3 of the Dungeon.
             The game lasted 00:07:41 (2634 turns).

Scud the Shooter (Kobold Hunter)                    Turns: 2634, Time: 00:07:42

Health: -1/32      AC:  3    Str: 10    XL:     5   Next: 58%
Magic:  5/5        EV: 15    Int: 12    God:
Gold:   142        SH:  0    Dex: 16    Spells: 4/4 levels left

rFire    . . .     SeeInvis .   b - +0 short sword
rCold    . . .     Gourm    .   (shield restricted)
rNeg     . . .     Faith    .   c - +0 leather armour
rPois    .         Spirit   .   (no helmet)
rElec    .         Reflect  .   (no cloak)
rCorr    .         Harm     .   (no gloves)
MR       .....                  (no boots)
Stlth    ++........             (no amulet)
HPRegen  0.10/turn              (no ring)
MPRegen  0.09/turn              (no ring)

@: no status effects
A: small, carnivore
a: no special abilities


You were on level 3 of the Dungeon.
You were not hungry.

You visited 1 branch of the dungeon, and saw 3 of its levels.

You collected 142 gold pieces.

Inventory:

Hand Weapons
 a - a +1 shortbow
 b - a +0 short sword (weapon)
Missiles
 d - 17 arrows
Armour
 c - a +0 leather armour (worn)
Jewellery
 n - a cursed ring of teleportation {unknown}
Scrolls
 g - 5 scrolls of identify {unknown}
 h - a scroll of fog {unknown}
 j - a scroll of immolation {unknown}
 k - 3 scrolls of amnesia {unknown}
 o - a scroll of random uselessness {unknown}
 p - 2 scrolls of remove curse {unknown}
Potions
 e - 2 potions of mutation {unknown}
 i - a potion of heal wounds {unknown}
 l - 3 potions of degeneration {unknown}
 m - a potion of haste {unknown}
 q - a potion of lignification {unknown}
 r - 3 potions of curing {unknown}
Comestibles
 f - 5 rations


   Skills:
 + Level 3.0 Fighting
 + Level 2.0 Short Blades
 + Level 5.4 Bows
 + Level 1.1 Armour
 + Level 2.6 Dodging
 + Level 1.5 Stealth


You had 4 spell levels left.
You didn't know any spells.
Your spell library was empty.

Dungeon Overview and Level Annotations

Branches:
Dungeon (3/15)

Altars:
Ashenzari

Annotations:
D:3 Sigmund


Innate Abilities, Weirdness & Mutations

You are small and have problems with some larger weapons.
You are carnivorous and can eat meat at any time.


Message History

Wield which item (- for none, * to show all)? (? for menu, Esc to quit)
b - a +0 short sword (weapon)
You hear some strange, mumbled words.
Something tries to affect you, but you resist.
A magic dart appears from out of thin air!
The magic dart hits you!
You hear a zap.
A puff of flame appears from out of thin air!
The puff of flame misses you.
You see here an arrow.
You hit something but do no damage. Something barely misses you.
You hit something. You miss something. Something hits you!
* * * LOW HITPOINT WARNING * * *
You closely miss something. Something barely misses you.
Unknown command.
You hit something. You hit something but do no damage.
Something hits you but does no damage.
You hit something. Something hits you.
You die...

# #.# #.#.###.##.# # #.
#.#.# #.# .# # #.#.# #.#
.# # #[#.# #<# .# #
#.###.#.# #.# .#
#....#..# #.# .#
######.#.# #.# .######
####........###.##....(..
................@{(((.(.$
####.####################
.....# ######


There were no monsters in sight!

Vanquished Creatures
  An orc wizard (D:3)
  5 adders
  An ooze (D:2)
  2 worms (D:2)
  3 leopard geckos
  2 orcs (D:3)
  4 giant cockroaches
  9 goblins
  6 hobgoblins
  2 jackals (D:1)
  8 kobolds
  A quokka (D:2)
  8 bats
  7 frilled lizards
  5 rats
64 creatures vanquished.

Notes
Turn   | Place    | Note
-------+----------+-------------------------------------------
     0 | D:1      | Scud the Kobold Hunter began the quest for the Orb.
     0 | D:1      | Reached XP level 1. HP: 12/12 MP: 1/1
   371 | D:1      | Found a shattered altar of Ashenzari.
   385 | D:1      | Reached XP level 2. HP: 13/17 MP: 2/2
   424 | D:1      | Reached skill level 1 in Short Blades
   903 | D:1      | Reached XP level 3. HP: 22/22 MP: 3/3
  1569 | D:2      | Reached XP level 4. HP: 27/27 MP: 4/4
  1794 | D:2      | Reached skill level 1 in Armour
  2025 | D:2      | Reached skill level 5 in Bows
  2362 | D:3      | Reached XP level 5. HP: 31/31 MP: 5/5
  2613 | D:3      | Noticed Sigmund
  2634 | D:3      | Slain by Sigmund

Skill      XL: |  1  2  3  4  5 |
---------------+----------------+-----
Short Blades   | 1 2 |  2.0
Armour         | 1 |  1.1
Bows           | 5 |  5.4
Fighting       | 3 |  3.0
Dodging        | |  2.6
Stealth        | |  1.5

Action                   |  1- 3 |  4- 6 || total
-------------------------+-------+-------++-------
Melee: Short sword       |    59 |     7 ||    66
       Shortbow          |       |     2 ||     2
 Fire: Shortbow          |    45 |    82 ||   127
 Stab: Sleeping          |     1 |       ||     1
  Eat: Chunk             |     2 |     7 ||     9
Armor: Leather armour    |    13 |     6 ||    19
Dodge: Dodged            |    49 |    49 ||    98
